 Dungeon Crawl Stone Soup version 0.31.0-9-g3a7656b989 (webtiles) character file.

Game seed: 10941812021594976016

17 qw the Shooter (level 2, -1/14 HPs)
             Began as a Spriggan Hunter on Feb 2, 2024.
             Succumbed to their own poison gas
             ... on level 1 of the Dungeon.
             The game lasted 00:00:01 (637 turns).

qw the Shooter (Spriggan Hunter)                     Turns: 637, Time: 00:00:01

Health: -1/14      AC:  2    Str:  7    XL:     2   Next: 44%
Magic:  3/3        EV: 19    Int: 10    God:
Gold:   74         SH:  0    Dex: 18    Spells: 1/1 levels left

rFire   . . .        a - +0 shortbow
rCold   . . .        (shield currently unavailable)
rNeg    . . .        c - +0 robe
rPois   .            (helmet restricted)
rElec   .            (no cloak)
rCorr   .            (gloves unavailable)
SInv    +            (boots unavailable)
Will    .....        (no amulet)
Stlth   ++           (no ring)
HPRegen 0.22/turn    (no ring)
MPRegen 0.08/turn

%: no passive effects
@: lethally poisoned (-1 -> -13), very quick
A: very small, no large weapons, unfitting armour, see invisible, speed 3
a: no special abilities


You were on level 1 of the Dungeon.
You visited 1 branch of the dungeon, and saw 1 of its levels.

You collected 74 gold pieces.


Innate Abilities, Weirdness & Mutations

You are very small and have problems with some larger weapons.
You are too small for most types of armour.
You have supernaturally acute eyesight. (SInv)
You cover ground extremely quickly. (Speed+++)


   Skills:
 - Level 1.5 Fighting
 + Level 4.1 Ranged Weapons
 - Level 4.0 Dodging
 - Level 1.5 Stealth


You had one spell level left.
You didn't know any spells.
Your spell library was empty.

Inventory:

Hand Weapons
 a - a +0 shortbow (weapon)
Armour
 c - a +0 robe (worn)
Potions
 d - a potion of mutation
 i - a potion of heal wounds

Dungeon Overview and Level Annotations

Branches:
Dungeon (1/15)

Altars:


Message History

Done exploring.
629 ||| READING scroll labelled APAOCL JETUAL.
As you read the scroll labelled APAOCL JETUAL, it crumbles to dust.
The air around you briefly surges with heat, but it dissipates.
It was a scroll of immolation.
Done exploring.
630 ||| READING scroll labelled EHOSSO VEFF.
As you read the scroll labelled EHOSSO VEFF, it crumbles to dust.
Wisps of shadow whirl around you...
It was a scroll of summoning.
Done exploring.
631 ||| READING scroll labelled HINAGRIZYLA.
The air fills with toxic fumes!
As you read the scroll labelled HINAGRIZYLA, it crumbles to dust.
It was a scroll of poison.
Done exploring.
632 ||| DROPPING scroll of butterflies.
You drop a scroll of butterflies.
Done exploring.
633 ||| DROPPING scroll of revelation.
You drop a scroll of revelation.
Done exploring.
What level of the Dungeon? (default 1, ? - help) Sorry, I don't know how to get there.
Enter note:
Enter note:
Enter note:
Enter note:
Enter note:
Enter note: You are engulfed in poison gas.
You are lethally poisoned!
You feel very sick.
635 ||| Stepping ~*~*~tactically~*~*~ (cloud).
You swap places.
You feel sick.
Your goblin is engulfed in poison gas.
Your goblin is poisoned.
You kill your goblin!
Your goblin's corpse dissolves into shadows!
There is a lethal amount of poison in your body!
You feel very sick.
There is a lethal amount of poison in your body!
You die...

####.###.# #..#
#........# #..#
#.##>##### #..#
#0##.# #..# #0##.#
####..#
#¤##.####.....#
#¤##.........##
#¤#######.#### #@#
#.# #J# #.# #?#
#.######## #J#
#......... #.#
#.########
#¤#######.########
#0¤...............
##################
#


You could see 2 friendly endoplasms.

Vanquished Creatures
  2 dart slugs (D:1)
  An endoplasm (D:1)
  A goblin (D:1)
  A hobgoblin (D:1)
  2 kobolds (D:1)
  2 quokkas (D:1)
  A bat (D:1)
  A frilled lizard (D:1)
  A rat (D:1)
12 creatures vanquished.

Notes
Turn   | Place    | Note
-------+----------+-------------------------------------------
     0 | D:1      | qw the Spriggan Hunter began the quest for the Orb.
     0 | D:1      | Reached XP level 1. HP: 10/10 MP: 2/2
     0 | D:1      | 0 ||| qw: Version: 0.3-a-155-g5e7d8dd
     0 | D:1      | 0 ||| qw: Game counter: 920
     0 | D:1      | 0 ||| qw: Melee chars always use a shield: true
     0 | D:1      | 0 ||| qw: God list: Okawaru
     0 | D:1      | 0 ||| qw: Allow faded altars: false
     0 | D:1      | 0 ||| qw: Do Orc after clearing Dungeon:15 true
     0 | D:1      | 0 ||| qw: Do second Lair branch before Depths: true
     0 | D:1      | 0 ||| qw: Lair rune preference: random
     0 | D:1      | 0 ||| qw: Goals: Normal
     0 | D:1      | 0 ||| PLANNING D:1-11
   102 | D:1      | Reached skill level 3 in Dodging
   183 | D:1      | Reached XP level 2. HP: 14/14 MP: 3/3
   249 | D:1      | Found a faded altar of an unknown god.
   626 | D:1      | 626 ||| READING 3 scrolls labelled LAITSA UTIKAH.
   626 | D:1      | 626 ||| IDENTIFYING sapphire potion
   627 | D:1      | 627 ||| READING 2 scrolls of identify.
   627 | D:1      | 627 ||| IDENTIFYING metallic silvery potion
   628 | D:1      | 628 ||| READING scroll of identify.
   628 | D:1      | 628 ||| IDENTIFYING scroll labelled VIDUGEJIZA
   629 | D:1      | 629 ||| READING scroll labelled APAOCL JETUAL.
   630 | D:1      | 630 ||| READING scroll labelled EHOSSO VEFF.
   631 | D:1      | 631 ||| READING scroll labelled HINAGRIZYLA.
   632 | D:1      | 632 ||| DROPPING scroll of butterflies.
   633 | D:1      | 633 ||| DROPPING scroll of revelation.
   635 | D:1      | 635 ||| Stepping ~*~*~tactically~*~*~ (cloud).
   636 | D:1      | HP: 2/14 [poisoned by you (poison gas)]
   637 | D:1      | Succumbed to their own poison gas

Levels and vault maps discovered:
D:1:      grunt_arrival_crossed_arrows, layout_loops_ring,
          dreamdust_ecumenical_altar_angels_and_demons

Skill      XL: |  1  2 |
---------------+-------+-----
Dodging        | 3 4 |  4.0
Fighting       | |  1.5
Ranged Weapons | |  4.1
Stealth        | |  1.5

Action                     || total
---------------------------++-------
   Fire: Shortbow          ||    35
    Use: Scroll            ||     6
 Armour: Robe              ||     6
  Dodge: Dodged            ||    19

Table legend:
 A = Non-vault XP
 B = Vault XP
 C = Vault XP percentage of total XP
 D = Non-vault monster count
 E = Vault monster count
 F = Vault count percentage of total count
                 A         B        C        D         E       F
            +---------+---------+-------+---------+---------+-------
      Total |      25 |       0 |   0.0 |      12 |       0 |   0.0
            +---------+---------+-------+---------+---------+-------
        D:1 |      25 |       0 |   0.0 |      12 |       0 |   0.0
            +---------+---------+-------+---------+---------+-------
